 Dungeon Crawl Stone Soup version 0.29.1-15-g9cfb28693d (webtiles) character file.

Game seed: 9823836589773631209

51 devnull the Poker (level 3, -3/27 HPs)
             Began as a Merfolk Gladiator on Mar 8, 2023.
             Succumbed to Crazy Yiuf's poison
             ... on level 2 of the Dungeon.
             The game lasted 00:02:21 (1962 turns).

devnull the Poker (Merfolk Gladiator)               Turns: 1962, Time: 00:02:21

Health: -3/27      AC:  5    Str: 16    XL:     3   Next: 81%
Magic:  3/3        EV: 13    Int:  7    God:
Gold:   101        SH:  0    Dex: 15    Spells: 2/2 levels left

rFire   . . .      SeeInvis .   a - +0 trident
rCold   . . .      Faith    .   (no shield)
rNeg    . . .      Spirit   .   m - +0 leather armour
rPois   .          Reflect  .   c - +0 helmet
rElec   .          Harm     .   (no cloak)
rCorr   .          Rampage  .   (no gloves)
Will    .....                   j - +0 pair of boots
Stlth   +.........              (no amulet)
HPRegen 0.09/turn               (no ring)
MPRegen 0.08/turn               (no ring)

@: brilliant, lethally poisoned (-3 -> -28)
A: (nimble swimmer 2), mertail
a: no special abilities


You were on level 2 of the Dungeon.
You visited 1 branch of the dungeon, and saw 2 of its levels.

You collected 101 gold pieces.

Inventory:

Hand Weapons
 a - a +0 trident (weapon)
 b - the +2 sling of Watzyik {vorpal, rElec rF- rCorr SInv}
   (You found it on level 2 of the Dungeon)

   Any ammunition fired from it inflicts extra damage upon your enemies.
   rF:        It makes you vulnerable to fire.
   rElec:     It insulates you from electricity.
   SInv:      It lets you see invisible.
   rCorr:     It protects you from acid and corrosion.
Missiles
 d - 4 throwing nets (quivered)
 e - a javelin
 g - 4 poisoned darts
Armour
 c - a +0 helmet (worn)
 j - a +0 pair of boots (worn)
 m - a +0 leather armour (worn)
Scrolls
 h - a scroll of poison {unknown}
 i - a scroll of fog {unknown}
 l - a scroll of fear {unknown}
 p - a scroll of noise {unknown}
Potions
 f - a potion of lignification {unknown}
 k - a potion of brilliance
 n - a potion of haste
 o - a potion of attraction {unknown}


   Skills:
 - Level 2.1 Fighting
 + Level 6.1 Polearms
 - Level 2.0 Throwing
 - Level 4.0 Dodging


You had 2 spell levels left.
You didn't know any spells.
Your spell library contained the following spells:

 Spells                   Type           Power      Damage    Failure   Level
 Confusing Touch          Hex            0%         N/A       86%         3
 Yara's Violent Unravell  Hex/Tmut       0%         3d3       100%        5
 Enfeeble                 Hex            0%         N/A       100%        7


Dungeon Overview and Level Annotations

Branches:
Dungeon (2/15)

Altars:

Annotations:
D:2 Crazy Yiuf


Innate Abilities, Weirdness & Mutations

((You are very nimble when in or above water. (Stealth+, EV+, Speed+++)))
Your lower body shifts to a powerful aquatic tail in water.


Message History

You feel sick.
You feel sick.
You feel sick.
You feel sick.
You feel sick.
You are no longer poisoned.
Crazy Yiuf shouts!
Press: ? - help, v - describe, . - travel The floor.
Sorry, you're not good enough to have a special ability.
Unknown command.
Unknown command.
You open the door.
Crazy Yiuf whimpers, "Mountain ena light!"
You closely miss Crazy Yiuf.
Crazy Yiuf hits you with a +2 quarterstaff of chaos.
You are poisoned.
You closely miss Crazy Yiuf.
You feel very sick. Crazy Yiuf completely misses you.
You closely miss Crazy Yiuf.
You feel very sick.
Crazy Yiuf cries, "Proton!
Ten cower noodlescoop."
Crazy Yiuf hits you with a +2 quarterstaff of chaos!
* * * LOW HITPOINT WARNING * * *
You are more poisoned.
You are too injured to fight recklessly!
You are too injured to fight recklessly!
Okay, then.
Unknown command.
Throw: 5 throwing nets
Press: ? - help, Shift-Dir - straight line, f - Crazy Yiuf
Aim: Crazy Yiuf, wielding a +2 quarterstaff of chaos and wearing a +0 cloak (64% to hit)
You throw a throwing net. The throwing net hits Crazy Yiuf.
Crazy Yiuf is caught in the net!
* * * LOW HITPOINT WARNING * * *
You feel very sick.
It was a potion of brilliance.
You feel clever all of a sudden.
You die...

#.# ##....#
#.# ##..####
##.# #...#
.#.#####...#
#####
.........#.#
#)..#
.#.###.##..#
#...#
...........#
...
...###.....#
#g# ####
####..# ♣@♣♣
###### #..#
♣♣.♣
.....####.##
♣.♣♣
####.....#.#
♣♣.♣
####..###.##
♣♣.♣♣
......###.##
♣♣...♣
###..###...#
♣....♣
###..###..##
##..##
...........##
#....#


You could see Crazy Yiuf (caught).

Vanquished Creatures
  An adder (D:2)
  A worm (D:2)
  3 ball pythons (D:1)
  3 bats (D:2)
  3 endoplasms
  4 goblins
  4 hobgoblins
  3 jackals (D:1)
  4 kobolds (D:1)
  2 quokkas (D:1)
  4 frilled lizards
  2 rats (D:1)
34 creatures vanquished.

Notes
Turn   | Place    | Note
-------+----------+-------------------------------------------
     0 | D:1      | devnull the Merfolk Gladiator began the quest for the Orb.
     0 | D:1      | Reached XP level 1. HP: 16/16 MP: 1/1
   162 | D:1      | Found a faded altar of an unknown god.
   167 | D:1      | Reached XP level 2. HP: 17/22 MP: 2/2
   475 | D:1      | Reached skill level 5 in Polearms
   669 | D:1      | Reached XP level 3. HP: 27/27 MP: 3/3
  1048 | D:2      | Identified the +2 sling of Watzyik {vorpal, rElec rF- rCorr
                  | SInv}
  1621 | D:2      | Found a runed translucent door.
  1622 | D:2      | Noticed Crazy Yiuf
  1672 | D:2      | Reached skill level 6 in Polearms
  1962 | D:2      | Succumbed to Crazy Yiuf's poison

Illustrated notes

Levels and vault maps discovered:
D:1:      psy_arrival_radial02, layout_basic, basic_ecumenical_altar
D:2:      layout_loops_ring, uniq_crazy_yiuf_cottage

Skill      XL: |  1  2  3 |
---------------+----------+-----
Polearms       | 5 6 |  6.1
Fighting       | |  2.1
Throwing       | |  2.0
Dodging        | |  4.0

Action                   || total
-------------------------++-------
Melee: Trident           ||    70
 Fire: Sling             ||    17
Throw: Throwing net      ||     1
  Use: Potion            ||     1
 Stab: Sleeping          ||     2
Armor: Leather armour    ||    20
Dodge: Dodged            ||    38
